 Dungeon Crawl Stone Soup version 0.26-a0-597-gb535b0901c (webtiles) character file.

Game seed: 13656884498330010183

2271 Flugslaktarn the Cleaver (level 9, -8/86 HPs)
             Began as a Deep Dwarf Monk on Sept 15, 2020.
             Mangled by a tentacled starspawn (9 damage)
             ... on level 3 of the Abyss.
             The game lasted 00:04:11 (4018 turns).

Flugslaktarn the Cleaver (Deep Dwarf Monk)          Turns: 4018, Time: 00:04:11

Health: -8/86      AC: 17    Str: 20    XL:     9   Next: 16%
Magic:  0/0        EV:  8    Int: 12    God:
Gold:   281        SH:  0    Dex: 15    Spells: 8/8 levels left

rFire    . . .     SeeInvis .   a - +0 hand axe
rCold    . . .     Faith    .   (no shield)
rNeg     . . .     Spirit   .   s - +1 plate armour
rPois    .         Reflect  .   (no helmet)
rElec    .         Harm     .   r - scarf {+Inv}
rCorr    .                      f - +2 pair of gloves {Str+3}
MR       +....                  (no boots)
Stlth    ..........             (no amulet)
HPRegen  0.00/turn              (no ring)
MPRegen  0.07/turn              (no ring)

@: stab, non-regenerating, hasted, very quick
A: damage resistance, heal wounds, sense surroundings 2, no regeneration
a: Heal Wounds, Evoke Invisibility


You were on level 3 of the Abyss.
You visited 1 branch of the dungeon, and saw 6 of its levels.
You visited the Abyss 1 time.
You also visited: Ossuary.

You collected 281 gold pieces.

Inventory:

Hand Weapons
 a - a +0 hand axe (weapon)
Missiles
 l - a throwing net (quivered)
Armour
 f - a +2 pair of gloves of strength (worn)
   (You found it on level 1 of the Dungeon)
 r - a scarf of invisibility (worn)
   (You found it on level 5 of the Dungeon)
 s - a +1 plate armour (worn)
   (You found it on level 5 of the Dungeon)
Wands
 c - a wand of paralysis (26)
   (You found it on level 4 of the Dungeon)
Scrolls
 b - a scroll of fog
 e - a scroll of enchant weapon {unknown}
 i - 3 scrolls of enchant armour
 o - a scroll of random uselessness {unknown}
 p - a scroll of immolation {unknown}
 x - 6 scrolls of remove curse
Potions
 d - a potion of heal wounds {unknown}
 g - 3 potions of magic
 j - 2 potions of ambrosia
 m - 2 potions of cancellation
 n - a potion of resistance
 q - 4 potions of curing
 u - a potion of stabbing


   Skills:
 + Level 7.0 Fighting
 + Level 8.4 Axes
 + Level 7.6 Armour
 - Level 3.2 Dodging
 - Level 2.4 Stealth


You had 8 spell levels left.
You didn't know any spells.
Your spell library was empty.

Dungeon Overview and Level Annotations

Branches:
Dungeon (6/15)            Ossuary (visited)
 Temple: D:4-7

Altars:
Qazlal

Shops:
D:5 !


Innate Abilities, Weirdness & Mutations

You are resistant to damage.
You can heal yourself by infusing magical energy.
You passively map the area around you.
You do not regenerate.


Message History

* * * LOW HITPOINT WARNING * * *
You are too injured to fight recklessly!
You don't have enough innate magic capacity.
You barely miss the tentacled starspawn.
The tentacled starspawn is severely damaged.
You hit the tentacled starspawn but do no damage.
The tentacled starspawn is severely damaged.
The tentacled starspawn bites you!
* * * LOW HITPOINT WARNING * * *
The tentacled starspawn engulfs you.
* * * LOW HITPOINT WARNING * * *
You hit the tentacled starspawn.
The tentacled starspawn is almost destroyed.
A large abomination comes into view.
You hit the tentacled starspawn but do no damage.
The tentacled starspawn is almost destroyed.
You barely miss the large abomination.
The tentacled starspawn closely misses you.
The tentacled starspawn engulfs you!
You die...

. ≈ ≈ ≈ ≈ .
.###.. ≈≈≈≈
. ### # .
.?.....≈ .
.# .
......#. ≈
.##..#
......#. ...
. # .##.§...
..... .# .
... .. .# .
#
#X######.§#.
# #@# #.##
.#
##XX....#:
#w#######
###


You could see a tentacled starspawn, 2 large abominations and a starspawn
tentacle.

Vanquished Creatures
  An ugly thing (D:6)
  A hippogriff (D:6)
  A wraith (D:6)
  Eustachio (D:4)
  An ogre (D:6)
  A sky beast (D:5)
  A phantom (D:4)
  2 centaurs (D:5)
  2 bullfrogs (D:6)
  Blork the orc (D:4)
  A howler monkey (D:6)
  4 wights (D:6)
  A bullfrog zombie (D:5)
  2 jellies (D:5)
  2 iguanas
  4 worker ants
  Natasha (thrice) (D:4)
  A killer bee zombie (D:6)
  A hound zombie (D:6)
  A worker ant zombie (D:6)
  6 gnolls
  8 adders
  3 shadow imps
  A white imp (D:6)
  An ooze (D:2)
  2 worms
  An adder skeleton (D:6)
  6 dart slugs
  6 leopard geckos
  4 orcs
  A giant cockroach (D:4)
  A goblin (D:1)
  5 hobgoblins
  2 jackals (D:5)
  A quokka (D:5)
  12 bats
  3 frilled lizards
  A goblin skeleton (Ossuary)
  A goblin zombie (Ossuary)
  3 kobolds
  A kobold zombie (Ossuary)
  A leopard gecko zombie (D:5)
  A quokka skeleton (D:5)
  6 rats
109 creatures vanquished.

Vanquished Creatures (others)
  A plant (D:6)
  5 starspawn tentacles (Abyss:3)
6 creatures vanquished.

Grand Total: 115 creatures vanquished

Notes
Turn   | Place    | Note
-------+----------+-------------------------------------------
     0 | D:1      | Flugslaktarn the Deep Dwarf Monk began the quest for the
                  | Orb.
     0 | D:1      | Reached XP level 1. HP: 20/20 MP: 1/1
   131 | D:1      | Reached XP level 2. HP: 17/27 MP: 2/2
   162 | D:1      | Reached skill level 1 in Armour
   361 | D:1      | You fall into a shaft and drop 1 floor!
   405 | D:2      | Reached XP level 3. HP: 26/34 MP: 3/3
   450 | D:2      | Reached skill level 4 in Axes
   546 | D:2      | Reached XP level 4. HP: 36/42 MP: 4/4
  1446 | D:3      | Reached XP level 5. HP: 24/50 MP: 4/4
  1791 | D:4      | Noticed a phantom
  1809 | D:4      | Killed a phantom
  1809 | D:4      | Reached skill level 5 in Axes
  1831 | D:4      | Noticed Natasha
  1842 | D:4      | Killed Natasha
  1842 | D:4      | Reached XP level 6. HP: 30/57 MP: 5/5
  1867 | D:4      | Noticed Blork the orc
  1896 | D:4      | Killed Blork the orc
  2198 | D:4      | Noticed Eustachio
  2254 | D:4      | Killed Eustachio
  2254 | D:4      | Reached XP level 7. HP: 60/66 MP: 4/4
  2298 | D:4      | Noticed Natasha
  2301 | D:4      | Killed Natasha
  2311 | D:4      | Noticed Natasha
  2329 | D:4      | Killed Natasha
  2384 | D:5      | Entered Level 5 of the Dungeon
  2393 | D:5      | Reached skill level 5 in Fighting
  2393 | D:5      | Reached skill level 6 in Axes
  2482 | D:5      | Reached skill level 5 in Armour
  2583 | D:5      | Found Wabef's Distillery.
  2605 | D:5      | Found a glowing drain.
  2719 | D:5      | Found a stormy altar of Qazlal.
  2872 | D:5      | Reached XP level 8. HP: 50/75 MP: 4/4
  3449 | D:6      | Reached skill level 7 in Axes
  3459 | D:6      | Noticed a hippogriff
  3460 | D:6      | Noticed a purple ugly thing
  3504 | D:6      | Killed a hippogriff
  3553 | D:6      | Killed a purple ugly thing
  3553 | D:6      | Reached skill level 8 in Axes
  3651 | D:6      | Found a sand-covered staircase.
  3687 | D:6      | Gained mutation: You passively map the area around you.
                  | [Deep Dwarf growth]
  3687 | D:6      | Reached XP level 9. HP: 55/85 MP: 4/4
  3696 | Ossuary  | Entered an ossuary
  3834 | D:6      | Cast into level 1 of the Abyss (wight)
  3846 | Abyss:1  | Noticed a purple very ugly thing
  3846 | Abyss:1  | Noticed a purple very ugly thing
  3846 | Abyss:1  | Noticed a purple very ugly thing
  3846 | Abyss:1  | Noticed a purple very ugly thing
  3847 | Abyss:1  | Noticed a purple very ugly thing
  3847 | Abyss:1  | Noticed a purple ugly thing
  3907 | Abyss:1  | Noticed a thrashing horror
  3922 | Abyss:1  | Noticed a starcursed mass
  3929 | Abyss:2  | Found a corrupted altar of Lugonu.
  3964 | Abyss:3  | Noticed a tentacled starspawn
  4007 | Abyss:3  | Noticed a large abomination
  4016 | Abyss:3  | HP: 2/86 [tentacled starspawn (11)]
  4018 | Abyss:3  | Mangled by a tentacled starspawn

Illustrated notes

Levels and vault maps discovered:
D:1:      saegor_arrival_miasma, layout_basic
D:2:      layout_loops_cross
D:3:      layout_basic
D:4:      layout_loops_ring, uniq_blork_the_orc, uniq_eustachio, uniq_natasha
D:5:      layout_gridville, nicolae_overflow_hidden_temple, serial_shops,
          kennysheep_mini, gup_sewer_entry_glass
D:6:      kennysheep_big_flooded_room, layout_loops_ring,
          fedhas_altar_decomposition, nicolae_ossuary_entry_false_entrances
Abyss:3:  base: Sewer, nicolae_abyss_rune_left_handed,
          hangedman_abyss_feature_spike

Skill      XL: |  1  2  3  4  5  6  7  8  9 |
---------------+----------------------------+-----
Armour         | 1 2 3 4 5 7 |  7.6
Fighting       | 3 4 5 6 7 |  7.0
Axes           | 4 5 6 8 |  8.4
Dodging        | |  3.2
Stealth        | |  2.4

Action                   |  1- 3 |  4- 6 |  7- 9 || total
-------------------------+-------+-------+-------++-------
Melee: Hand axe          |    93 |   229 |   345 ||   667
       Unarmed           |       |       |     7 ||     7
 Abil: Heal Wounds       |     2 |    11 |    18 ||    31
Evoke: Wand              |       |     2 |     5 ||     7
  Use: Scroll            |       |       |    11 ||    11
       Potion            |       |       |     6 ||     6
 Stab: Sleeping          |     5 |     9 |     1 ||    15
       Paralysed         |       |     7 |       ||     7
       Distracted        |       |       |     1 ||     1
Armor: Robe              |    37 |    66 |     2 ||   105
       Plate armour      |       |       |   187 ||   187
       Skin              |       |       |    67 ||    67
Dodge: Dodged            |   100 |   181 |   138 ||   419

Table legend: (Time is in decaauts)
 A = Elapsed time spent in this place.
 B = Non-inter-level travel time spent in this place.
 C = Inter-level travel time spent in this place.
 D = Time resting spent in this place.
 E = Time spent auto-exploring this place.
 F = Levels seen in this place.
 G = Mean time per level.
                   A        B        C        D        E       F      G
               +--------+--------+--------+--------+--------+-----+--------+
         Total |   4022 |   3839 |    183 |      9 |   2582 |  10 |  402.2 |
       Dungeon |   3842 |   3659 |    183 |      9 |   2521 |   6 |  640.3 |
         Abyss |    167 |    167 |      0 |      0 |     61 |   3 |   55.7 |
       Ossuary |     12 |     12 |      0 |      0 |      0 |   1 |   12.0 |
               +--------+--------+--------+--------+--------+-----+--------+

Top non-repeatable levels by time:
     D:5: 911 daAuts
     D:2: 679 daAuts
     D:1: 663 daAuts
     D:4: 618 daAuts
     D:6: 525 daAuts
     D:3: 444 daAuts
 Abyss:1: 92 daAuts
 Abyss:3: 58 daAuts
 Abyss:2: 16 daAuts
 Ossuary: 12 daAuts
